 Dungeon Crawl Stone Soup version 0.32-a0-119-g2e8054a333 (webtiles) character file.

Game seed: 1480416719221547426

6237 CougarLife the Summoner (level 10, -12/63 HPs)
             Began as a Merfolk Summoner on Feb 6, 2024.
             Was an Initiate of Gozag.
             Killed from afar by a steam dragon (29 damage)
             ... with a ball of steam
             ... on level 9 of the Dungeon.
             The game lasted 00:32:29 (10650 turns).

CougarLife the Summoner (Merfolk Summoner)         Turns: 10650, Time: 00:32:30

Health: -12/63     AC:  7    Str: 11    XL:     10   Next: 93%
Magic:  14/22      EV: 12    Int: 19    God:    Gozag
Gold:   977        SH:  0    Dex: 15    Spells: 11/25 levels left

rFire   . . .        G - +4 spear
rCold   . . .        (no shield)
rNeg    + . .        n - +2 leather armour of Satisfaction {rN+ Will+ Str+3}
rPois   .            e - +0 helmet
rElec   .            m - +0 cloak
rCorr   +            (no gloves)
SInv    .            (no boots)
Will    +++..        (no amulet)
Stlth   ++           h - ring of willpower
HPRegen 0.30/turn    o - ring of resist corrosion
MPRegen 0.18/turn

%: no passive effects
@: enlightened, flying
A: (nimble swimmer 2), mertail
a: Renounce Religion, Potion Petition, Call Merchant, Bribe Branch


You were on level 9 of the Dungeon.
You worshipped Gozag.
Gozag was pleased with you.
You visited 2 branches of the dungeon, and saw 10 of its levels.
You also visited: Ossuary.

You collected 1039 gold pieces.
You paid 62 gold pieces to Gozag.

Inventory:

Hand Weapons
 G - a +4 spear (weapon)
Armour
 a - a +0 robe
 e - a +0 helmet (worn)
 g - a +0 buckler
 m - a +0 cloak (worn)
 n - the +2 leather armour of Satisfaction (worn) {rN+ Will+ Str+3}
   (You found it on level 2 of the Dungeon)

   Str+3:     It affects your strength (+3).
   rN+:       It protects you from negative energy.
   Will+:     It increases your willpower.
Jewellery
 h - a ring of willpower (left hand)
 k - a ring of willpower
 o - a ring of resist corrosion (right hand)
 x - a ring of positive energy
Wands
 y - a wand of mindburst (19)
 z - a wand of iceblast (24)
 C - a wand of charming (10)
Scrolls
 j - 2 scrolls of poison
 q - 7 scrolls of immolation
 v - 2 scrolls of vulnerability
 w - a scroll of fog
 A - a scroll of enchant armour
Potions
 c - a potion of invisibility
 d - a potion of berserk rage {unknown}
 f - 3 potions of curing
 l - a potion of attraction {unknown}
 r - 4 potions of mutation
 t - 5 potions of lignification
 B - a potion of haste {unknown}
 D - 2 potions of enlightenment


   Skills:
 * Level 9.0 Polearms
 - Level 2.6 Dodging
 - Level 2.1 Stealth
 + Level 8.1 Spellcasting
 + Level 9.8 Summonings
 - Level 5.0 Fire Magic
 - Level 3.1 Air Magic


You had 11 spell levels left.
You knew the following spells:

 Your Spells              Type           Power      Damage    Failure   Level
a - Summon Small Mammal   Summ           100%       N/A       1%          1
b - Call Imp              Summ           90%        N/A       1%          2
c - Call Canine Familiar  Summ           45%        N/A       1%          3
d - Summon Blazeheart Go  Fire/Summ      35%        N/A       5%          4
e - Summon Lightning Spi  Summ/Air       32%        N/A       9%          4

Your spell library contained the following spells:

 Spells                   Type           Power      Damage    Failure   Level
 Foxfire                  Conj/Fire      68%        2x1d7     4%          1
 Magic Dart               Conj           28%        1d4       12%         1
 Searing Ray              Conj           14%        2d5       19%         2
 Sigil of Binding         Hex            7%         N/A       34%         3
 Vhi's Electric Charge    Tloc/Air       26%        N/A       52%         4
 Dimensional Bullseye     Hex/Tloc       3%         N/A       75%         4
 Fulminant Prism          Conj/Alch      3%         3d5       75%         4
 Arcjolt                  Conj/Air       6%         1d16      86%         5
 Plasma Beam              Fire/Air       11%        2x1d22    98%         6
 Starburst                Conj/Fire      8%         6d4       100%        6


Dungeon Overview and Level Annotations

Branches:
Dungeon (9/15)             Temple (1/1) D:5             Orc (0/2) D:9
Ossuary (visited)
   Lair: D:8-11

Altars:
Ashenzari
Cheibriados
Dithmenos
Elyvilon
Fedhas
Gozag
Hepliaklqana
Kikubaaqudgha
Makhleb
Nemelex Xobeh
Okawaru
Qazlal
Ru
Sif Muna
Trog
Uskayaw
Vehumet
Wu Jian
Xom
Yredelemnul
Zin

Shops:
D:4 *   D:7 :

Annotations:
D:4 3 runed translucent doors, CougarLife's ghost, amateur TrFi
D:6 3 runed translucent doors, Gangsterbeez's ghost, novice MiFi
D:7 2 transporters, Krumphau's ghost, novice MiFi


Innate Abilities, Weirdness & Mutations

((You are very nimble when in or above water. (Stealth+, EV+, Speed+++)))
Your lower body shifts to a powerful aquatic tail in water.


Message History

You imbue your familiar with magical energy and its fangs glint viciously.
The wight barely misses you. The yak gores your inugami!
The yak gores your inugami.
Your inugami hits the troll.
Your inugami hits the yak. x2; Your inugami hits the troll!
The troll closely misses your inugami. The troll claws your inugami.
The troll claws your inugami but does no damage.
You feel much better.
The wight zaps a wand.
You resist with almost no effort. The yak gores your inugami!
Your inugami dies!
Your inugami disappears in a puff of smoke!
As you read the scroll of fear, it crumbles to dust.
You assume a fearsome visage.
The troll looks frightened!
The yak looks frightened! x2; The orc warrior looks frightened!
The wight is unaffected.
The steam dragon looks frightened!
The yak looks frightened!
The wight closely misses you.
The yak is distracted by your dazzling golden aura.
The wight zaps a wand.
You resist with almost no effort. The wight hits you with a +1 mace.
The wight attacks as it pursues you! The wight closely misses you.
The wight zaps a wand.
You resist with almost no effort.
A steam dragon comes into view.
The steam dragon hisses angrily.
The yak bellows!
Cornered, the steam dragon turns to fight!
You hear a bellow! x2
The troll seems to regain its courage.
The steam dragon breathes steam at you. The ball of steam hits you!!
The wight closely misses you.
You hear a howl!
You are engulfed in a cloud of scalding steam.
You are engulfed in a cloud of scalding steam.
* * * LOW HITPOINT WARNING * * *
Found a scroll labelled OPYDICKO MUNNETAO.
You are engulfed in a cloud of scalding steam.
* * * LOW HITPOINT WARNING * * *
The wight zaps a wand.
You resist with almost no effort.
Your familiar recovers from its injuries.
The steam dragon breathes steam at you. The ball of steam hits you!!
You die...
Your body crumbles into a pile of gold.

#......###D§##..##..# #.. #.
#......###..##..##..# .#. ..
###......#..##D.##..### .### ...
.........#T.##..##.. # .. ....
.>.......###zD##..# .# .....
##.......# #..##..# ..
#.......#..##§.##..#
#.......#..##.§##..##..
#.......#.?....@....... #.
##.......##############. ...
.........####################....
..................>.........c....
.........................h.......
...........).....########X##.....
......).)........#.........# ...
#####............#.........# . #
#..).........#....!....#


There were no monsters in sight!

Vanquished Creatures
  Pikel (D:6)
  A cyclops (D:9)
  2 trolls (D:9)
  A wraith (D:9)
  A yak (D:9)
  An unseen horror simulacrum (D:9)
  An orc warrior (D:7)
  An ice beast (D:5)
  An ogre (D:9)
  2 lemures (D:6)
  3 kobold brigands
  A weeping skull (D:8)
  A bullfrog (D:8)
  An elf zombie (Ossuary)
  A gnoll sergeant (D:9)
  2 wights (D:8)
  3 killer bees
  A howler monkey (D:9)
  A bombardier beetle (D:4)
  2 hounds
  A centaur zombie (Ossuary)
  A human zombie (Ossuary)
  An iguana (D:5)
  A mummy (Ossuary)
  4 adders
  A hound simulacrum (Ossuary)
  A spectral gnoll (Ossuary)
  2 dart slugs
  11 orcs
  3 bats
  4 endoplasms
  A giant cockroach (D:2)
  5 goblins
  2 hobgoblins
  5 ball pythons
  2 gnoll simulacra (Ossuary)
  A gnoll zombie (Ossuary)
  A jackal simulacrum (Ossuary)
  8 kobolds
  A kobold zombie (Ossuary)
  4 rats
  2 spectral jackals (Ossuary)
  A spectral orc (D:8)
91 creatures vanquished.

Vanquished Creatures (collateral kills)
  A hornet (D:9)
  3 water moccasins
  A sky beast (D:8)
  2 black bears
  2 ice beasts (D:6)
  3 ogres
  A centaur (D:9)
  3 elf zombies (Ossuary)
  A kobold brigand (D:9)
  A bullfrog (D:8)
  A gnoll sergeant (D:9)
  3 scorpions (D:5)
  2 wights (D:8)
  8 killer bees
  A howler monkey (D:9)
  A human zombie (Ossuary)
  2 hounds
  3 bombardier beetles
  2 orc priests
  A jelly (D:6)
  2 orc wizards
  3 iguanas
  3 sleepcaps
  A spectral hound (Ossuary)
  2 crocodile zombies (Ossuary)
  A scorpion simulacrum (Ossuary)
  2 mummies (Ossuary)
  7 adders
  6 gnolls
  A hound simulacrum (Ossuary)
  A nameless horror (D:2)
  A white imp (D:7)
  2 spectral adders (Ossuary)
  2 spectral gnolls (Ossuary)
  A dart slug (D:2)
  An adder simulacrum (Ossuary)
  25 orcs
  3 ball pythons
  5 endoplasms
  4 giant cockroaches
  6 gnoll zombies (Ossuary)
  2 goblins
  3 hobgoblins
  5 jackals
  2 bats
  A frilled lizard (D:2)
  3 gnoll simulacra (Ossuary)
  A jackal simulacrum (Ossuary)
  12 kobolds
  4 kobold zombies (Ossuary)
  4 orc zombies (Ossuary)
  A rat (D:2)
  2 spectral jackals (Ossuary)
161 creatures vanquished.

Vanquished Creatures (others)
  17 blazeheart cores
17 creatures vanquished.

Grand Total: 269 creatures vanquished

Notes
Turn   | Place    | Note
-------+----------+-------------------------------------------
     0 | D:1      | CougarLife the Merfolk Summoner began the quest for the
                  | Orb.
     0 | D:1      | Reached XP level 1. HP: 13/13 MP: 3/3
   414 | D:1      | Found a faded altar of an unknown god.
   422 | D:1      | Reached XP level 2. HP: 16/19 MP: 1/5
   427 | D:1      | Learned a level 2 spell: Call Imp
   789 | D:1      | Reached XP level 3. HP: 24/24 MP: 3/6
   793 | D:1      | Learned a level 3 spell: Call Canine Familiar
  1266 | D:2      | Reached XP level 4. HP: 21/30 MP: 0/8
  1369 | D:2      | Reached skill level 5 in Summonings
  1502 | D:2      | Identified the +2 leather armour of Satisfaction {rN+ Will+
                  | Str+3}
  2050 | D:3      | Reached XP level 5. HP: 35/35 MP: 6/10
  2343 | D:3      | Found a shimmering altar of Xom.
  2446 | D:3      | Learned a level 4 spell: Summon Blazeheart Golem
  2873 | D:4      | Identified the +5 ring mail of Mukusaps {Rampage rElec}
  2886 | D:4      | Found Fauco Juessa's Assorted Antiques.
  3152 | D:4      | Reached skill level 1 in Fire Magic
  3152 | D:4      | Reached XP level 6. HP: 41/41 MP: 6/12
  3434 | D:4      | Found a runed translucent gate.
  3434 | D:4      | Found a runed translucent gate.
  3434 | D:4      | Found a runed translucent gate.
  3435 | D:4      | Noticed CougarLife's ghost (amateur TrFi)
  3644 | D:4      | Noticed a black bear
  3655 | D:4      | Killed a black bear
  3656 | D:4      | Reached XP level 7. HP: 38/46 MP: 8/13
  3945 | D:5      | Entered Level 5 of the Dungeon
  3945 | D:5      | Found a blossoming altar of Fedhas.
  4070 | D:5      | Found a sand-covered staircase.
  4081 | Ossuary  | Entered an ossuary
  4363 | Ossuary  | Reached skill level 5 in Spellcasting
  4455 | Ossuary  | Reached XP level 8. HP: 41/52 MP: 9/15
  5658 | D:5      | Found a staircase to the Ecumenical Temple.
  5671 | Temple   | Entered the Ecumenical Temple
  5677 | Temple   | Became a worshipper of Gozag Ym Sagoz the Greedy
  5894 | D:5      | Reached skill level 5 in Fire Magic
  6227 | D:6      | Found a snail-covered altar of Cheibriados.
  6276 | D:6      | Learned a level 4 spell: Summon Lightning Spire
  6316 | D:6      | Reached XP level 9. HP: 57/57 MP: 16/18
  6346 | D:6      | Reached skill level 1 in Polearms
  6447 | D:6      | Noticed Pikel
  6456 | D:6      | Killed Pikel
  6580 | D:6      | Identified the +4 ring mail of the Moon {Rampage rElec
                  | Str+3 SInv}
  7052 | D:6      | Found a runed translucent gate.
  7053 | D:6      | Found a runed translucent gate.
  7053 | D:6      | Noticed Gangsterbeez's ghost (novice MiFi)
  7054 | D:6      | Found a runed translucent gate.
  7840 | D:7      | Noticed Krumphau's ghost (novice MiFi)
  7855 | D:7      | Found a bloodstained altar of Trog.
  7855 | D:7      | Noticed a moth of wrath
  7860 | D:7      | Found a transporter.
  7864 | D:7      | Found a transporter.
  7897 | D:7      | Found Heatu's Book Shop.
  8041 | D:7      | Reached skill level 5 in Polearms
  8392 | D:8      | Found a basalt altar of Yredelemnul.
  8526 | D:8      | Found a sparkling altar of Nemelex Xobeh.
  8835 | D:8      | Reached XP level 10. HP: 63/63 MP: 12/20
  9058 | D:8      | Reached skill level 1 in Air Magic
  9479 | D:8      | Found a hazy altar of Hepliaklqana.
  9814 | D:9      | Paralysed by a hornet for 3 turns
 10272 | D:9      | Found a staircase to the Orcish Mines.
 10612 | D:9      | Noticed a cyclops
 10629 | D:9      | Killed a cyclops
 10650 | D:9      | Killed from afar by a steam dragon

Illustrated notes

Levels and vault maps discovered:
D:1:      eino_arrival_cavern_a, layout_loops_cross, serial_forest,
          infiniplex_forest_straight_3, infiniplex_forest_clump_curved,
          infiniplex_forest_straight_3, infiniplex_forest_straight_2,
          infiniplex_forest_3_way, infiniplex_forest_lined_room_2,
          infiniplex_forest_lined_ring, infiniplex_forest_corner_2,
          nicolae_ecumenical_snake_handling, st_stairs_7
D:2:      layout_loops_ring
D:3:      layout_basic, nicolae_overflow_hidden_temple
D:4:      layout_loops_cross, serial_shops, nicolae_shop_stone,
          gammafunk_ghost_necromancy, serial_bayou, serial_bayou_pond_b,
          serial_bayou_pond_e, serial_bayou_ford_a, serial_bayou_pond_d
D:5:      layout_loops_ring, general_overflow_altar, minmay_temple_entry_wispy,
          mainiacjoe_ossuary_entry_dusty_tomb, st_stairs_4
D:6:      layout_gridville, kennysheep_slug_shrine,
          gammafunk_ghost_nasty_kobolds, nicolae_eternal_life, uniq_pikel
D:7:      layout_rooms, serial_shops, shop, gammafunk_ghost_wrathful_warriors,
          interstate_on_off, kennysheep_small_circle
D:8:      layout_basic, yredelemnul_forgotten_temple_becter, marbit_many_paths,
          mainiacjoe_overflow_surrounded_room, serial_glass, glass_columns_c,
          glass_columns_b
D:9:      wad_guarded_room, layout_irregular_city, nicolae_tso_carved_into_rock,
          kennysheep_orc_monster_closet_entryway, grunt_livestock,
          nicolae_rejected_hall
Temple:   hellmonk_temple_two_chambers

Skill      XL: |  1  2  3  4  5  6  7  8  9 10 |
---------------+-------------------------------+-----
Spellcasting   | 3 4 5 6 7 8 |  8.1
Summonings     | 5 6 7 8 9 |  9.8
Fire Magic     | 1 2 3 5 |  5.0
Polearms       | 6 9 |  9.0
Air Magic      | 3 |  3.1
Dodging        | |  2.6
Stealth        | |  2.1

Action                     |  1- 3 |  4- 6 |  7- 9 | 10-12 || total
---------------------------+-------+-------+-------+-------++-------
  Melee: Mace              |    15 |       |       |       ||    15
         Trident           |    34 |   101 |   192 |    44 ||   371
         Punch             |       |     4 |    13 |     3 ||    20
         Spear             |       |       |       |    26 ||    26
   Cast: Summon Small Mamm |     6 |     3 |     1 |       ||    10
         Call Imp          |     5 |     7 |    22 |       ||    34
         Call Canine Famil |     5 |    22 |    45 |    23 ||    95
         Summon Blazeheart |       |       |    20 |    19 ||    39
         Summon Lightning  |       |       |       |     3 ||     3
    Use: Scroll            |       |       |    10 |     5 ||    15
         Potion            |       |       |       |     5 ||     5
   Stab: Distracted        |     2 |     2 |     5 |       ||     9
         Sleeping          |     2 |     3 |     3 |       ||     8
 Armour: Robe              |    20 |     5 |       |       ||    25
         Leather armour    |       |    41 |    87 |    68 ||   196
  Dodge: Dodged            |    31 |    53 |    96 |    67 ||   247

Table legend: (Time is in decaauts)
 A = Elapsed time spent in this place.
 B = Non-inter-level travel time spent in this place.
 C = Inter-level travel time spent in this place.
 D = Time resting spent in this place.
 E = Time spent auto-exploring this place.
 F = Levels seen in this place.
 G = Mean time per level.
                   A        B        C        D        E       F      G
               +--------+--------+--------+--------+--------+-----+--------+
         Total |  10742 |  10294 |    448 |   2429 |   4994 |  11 |  976.5 |
       Dungeon |   9765 |   9322 |    443 |   1997 |   4994 |   9 | 1085.0 |
        Temple |     12 |      7 |      5 |      0 |      0 |   1 |   12.0 |
       Ossuary |    964 |    964 |      0 |    432 |      0 |   1 |  964.0 |
               +--------+--------+--------+--------+--------+-----+--------+

Top non-repeatable levels by time:
     D:6: 1362 daAuts
     D:5: 1355 daAuts
     D:8: 1227 daAuts
     D:4: 1083 daAuts
     D:9: 1075 daAuts
     D:1: 988 daAuts
     D:2: 978 daAuts
 Ossuary: 964 daAuts
     D:3: 941 daAuts
     D:7: 752 daAuts
  Temple: 12 daAuts
